 Dungeon Crawl Stone Soup version 0.27-a0-1281-ge233d83751 (webtiles) character file.

Game seed: 16319774259507967940

457 Delamore the Poker (level 7, -10/56 HPs)
             Began as a Formicid Fighter on June 14, 2021.
             Was a Priest of Cheibriados.
             Killed by divine providence
             ... invoked by an orc priest
              (17 damage)
             ... on level 4 of the Dungeon.
             The game lasted 00:03:02 (4190 turns).

Delamore the Poker (Formicid Fighter)               Turns: 4190, Time: 00:03:02

Health: -10/56     AC:  9    Str: 28    XL:     7   Next: 27%
Magic:  7/7        EV:  8    Int: 14    God:    Cheibriados [***...]
Gold:   175        SH: 10    Dex: 16    Spells: 6/6 levels left

rFire    . . .     SeeInvis +   a - +0 trident
rCold    . . .     Faith    .   c - +0 kite shield
rNeg     . . .     Spirit   .   b - +0 scale mail
rPois    .         Reflect  .   (helmet unavailable)
rElec    .         Harm     .   n - +0 cloak
rCorr    .         Rampage  .   g - +0 pair of gloves
Will     .....                  (no boots)
Stlth    ..........             (no amulet)
HPRegen  0.18/turn              (no ring)
MPRegen  0.10/turn              (no ring)

@: very slow
A: permanent stasis, dig shafts and tunnels, antennae 3, four strong arms
a: Dig, Shaft Self, Renounce Religion, Bend Time, Temporal Distortion


You were on level 4 of the Dungeon.
You worshipped Cheibriados.
Cheibriados was most pleased with you.
You visited 1 branch of the dungeon, and saw 4 of its levels.

You collected 175 gold pieces.

Inventory:

Hand Weapons
 a - a +0 trident (weapon)
Missiles
 o - 5 poisoned darts (quivered)
Armour
 b - a +0 scale mail (worn)
 c - a +0 kite shield (worn)
 g - a +0 pair of gloves (worn)
 n - a +0 cloak (worn)
Wands
 l - a wand of mindburst (8)
Scrolls
 e - a scroll of fear
 m - a scroll of enchant armour {unknown}
Potions
 d - 2 potions of might
 f - 4 potions of lignification {unknown}
 h - a potion of ambrosia {unknown}
 i - 5 potions of curing {unknown}
 j - a potion of cancellation {unknown}
 k - a potion of mutation {unknown}
 p - a potion of resistance {unknown}


   Skills:
 - Level 5.0 Fighting
 * Level 6.2 Polearms
 + Level 1.4 Throwing
 - Level 3.2 Armour
 - Level 3.6 Shields


You had 6 spell levels left.
You didn't know any spells.
Your spell library contained the following spells:

 Spells                   Type           Power      Damage    Failure   Level
 Confusing Touch          Hex            0%         N/A       99%         3
 Gell's Gravitas          Tloc           0%         N/A       99%         3
 Petrify                  Tmut/Erth      0%         N/A       100%        4
 Metabolic Englaciation   Hex/Ice        0%         N/A       100%        5
 Yara's Violent Unravell  Hex/Tmut       0%         3d3       100%        5


Dungeon Overview and Level Annotations

Branches:
Dungeon (4/15)
 Temple: D:4-7

Altars:
Cheibriados
Uskayaw
The Shining One


Innate Abilities, Weirdness & Mutations

You cannot be hasted, slowed, berserked, paralysed or teleported.
You can dig through walls and to a lower floor.
You have a pair of large antennae on your head. (SInv)
Your four strong arms can wield two-handed weapons with a shield.


Message History

You are too injured to fight recklessly!
You are too injured to fight recklessly!
You are too injured to fight recklessly!
You are too injured to fight recklessly!
You are too injured to fight recklessly!
You are too injured to fight recklessly!
You are too injured to fight recklessly!
You are too injured to fight recklessly!
You are too injured to fight recklessly!
You are too injured to fight recklessly!
You are too injured to fight recklessly!
You are too injured to fight recklessly!
You are too injured to fight recklessly!
You are too injured to fight recklessly!
You are too injured to fight recklessly!
You are too injured to fight recklessly!
You hit the orc priest but do no damage.
The orc priest is almost dead.
You block the orc priest's attack. The giant cockroach barely misses you.
The orc closely misses you.
You hit the orc priest but do no damage.
The orc priest is almost dead.
The giant cockroach barely misses you.
The orc priest mumbles some strange prayers to Beogh against you.
Beogh smites you!
* * * LOW HITPOINT WARNING * * *
You block the orc's attack.
You hit the orc priest but do no damage.
The orc priest is almost dead.
The giant cockroach bites you but does no damage.
You block the orc priest's attack. You block the orc's attack.
The giant cockroach closely misses you.
You hit the orc priest but do no damage.
The orc priest is almost dead.
The orc priest hits you with a +0 dagger.
* * * LOW HITPOINT WARNING * * *
You block the orc's attack. You block the giant cockroach's attack.
The orc priest calls down the wrath of Beogh upon you.
Beogh smites you!
You die...

..##. ### ....
..# # ... ..##
.#?.# ...#
.(.. ...#
#ho#...# #
#goB#..#
.#..{#@#..#
.....#o.#.###
.(...(..[#...#
#.##..##...#
#####'####
#.......#
#.⌠...⌠.###.
#.......#...
+...⌠...'.#


You could see an orc priest, 2 orcs, a jackal, a giant cockroach and a
hobgoblin.

Vanquished Creatures
  Sigmund (D:3)
  An ogre (D:4)
  A scorpion (D:3)
  An orc priest (D:4)
  A gnoll (D:1)
  3 adders
  2 worms (D:2)
  3 dart slugs
  5 orcs
  7 ball pythons
  5 bats
  7 endoplasms
  2 giant cockroaches
  4 goblins
  9 hobgoblins
  6 jackals
  3 quokkas
  11 frilled lizards
  5 kobolds
  5 rats
82 creatures vanquished.

Notes
Turn   | Place    | Note
-------+----------+-------------------------------------------
     0 | D:1      | Delamore the Formicid Fighter began the quest for the Orb.
     0 | D:1      | Reached XP level 1. HP: 18/18 MP: 1/1
    90 | D:1      | Reached XP level 2. HP: 18/24 MP: 2/2
   351 | D:1      | Reached XP level 3. HP: 30/30 MP: 3/3
   357 | D:1      | Reached skill level 3 in Polearms
   696 | D:1      | You fall into a shaft and drop 1 floor!
   776 | D:1      | Found a faded altar of an unknown god.
   950 | D:1      | Became a worshipper of Cheibriados the Contemplative
   950 | D:1      | Reached * piety under Cheibriados
  1301 | D:2      | Found a hide-covered altar of Uskayaw.
  1337 | D:2      | Reached XP level 4. HP: 35/37 MP: 4/4
  2171 | D:2      | Reached ** piety under Cheibriados
  2822 | D:3      | Noticed Sigmund
  2845 | D:3      | Killed Sigmund
  2846 | D:3      | Reached skill level 5 in Polearms
  2846 | D:3      | Reached XP level 5. HP: 27/43 MP: 5/5
  2846 | D:3      | Reached XP level 6. HP: 31/50 MP: 6/6
  3004 | D:3      | Found a glowing golden altar of the Shining One.
  3216 | D:3      | Reached skill level 5 in Fighting
  3730 | D:4      | Noticed an ogre
  3880 | D:4      | Reached XP level 7. HP: 52/56 MP: 7/7
  3926 | D:4      | Reached *** piety under Cheibriados
  3939 | D:4      | Reached skill level 6 in Polearms
  3939 | D:4      | Reached skill level 1 in Throwing
  4190 | D:4      | Killed from afar by an orc priest

Illustrated notes

Levels and vault maps discovered:
D:1:      lemuel_arrival_room, layout_basic,
          shapermc_ecumenical_altar_mp_vishouse, chequers_serial_rivers_small_b,
          minivault_26, minmay_heptomino_l4
D:2:      layout_basic, basic_altar
D:3:      layout_loops_ring, nicolae_tso_carved_into_rock,
          kennysheep_generic_room_12, uniq_sigmund
D:4:      layout_loops_ring, nicolae_uskayaw_suspiria,
          small_statue_intersection, hangedman_decor_peaks_small,
          minmay_fountain_box

Skill      XL: |  1  2  3  4  5  6  7 |
---------------+----------------------+-----
Polearms       | 3 5 6 |  6.2
Fighting       | 4 5 |  5.0
Throwing       | 1 |  1.4
Armour         | |  3.2
Shields        | |  3.6

Action                   |  1- 3 |  4- 6 |  7- 9 || total
-------------------------+-------+-------+-------++-------
Melee: Trident           |    82 |   179 |    32 ||   293
Throw: Dart              |       |     4 |     7 ||    11
 Abil: Dig               |       |     1 |       ||     1
  Use: Scroll            |     2 |     2 |       ||     4
Armor: Scale mail        |    22 |    66 |    28 ||   116
Dodge: Dodged            |    25 |    43 |    25 ||    93
Block: Kite shield       |    30 |    96 |    43 ||   169

Table legend: (Time is in decaauts)
 A = Elapsed time spent in this place.
 B = Non-inter-level travel time spent in this place.
 C = Inter-level travel time spent in this place.
 D = Time resting spent in this place.
 E = Time spent auto-exploring this place.
 F = Levels seen in this place.
 G = Mean time per level.
                   A        B        C        D        E       F      G
               +--------+--------+--------+--------+--------+-----+--------+
         Total |   5082 |   4864 |    218 |    417 |   3755 |   4 | 1270.5 |
       Dungeon |   5082 |   4864 |    218 |    417 |   3755 |   4 | 1270.5 |
               +--------+--------+--------+--------+--------+-----+--------+

Top non-repeatable levels by time:
     D:3: 1705 daAuts
     D:2: 1519 daAuts
     D:1: 1367 daAuts
     D:4: 490 daAuts
